AoeStats
← irajarek

Arabia

509934428Analyzed
1v1 RM · 2d ago on Sep 28, 2026· 45m 29s· 2 players
Game mode
Random Map
Map size
Tiny (2 player)
Population
200
Speed
Normal
Resources
Standard
Victory
Conquest
Starting age
Dark Age
Ending age
Imperial Age
RankedLock teamsTeams togetherTeam positionsShared explorationLock speedFull tech treeHidden civsTurbo modeCheats
Victory
Defeat
🇺🇸 Khmer · United States
663
+17
🇵🇱 Varangians · Poland
682
-17
Bleedrs
8:19 Loom
12:08 Feudal Age
14:58 Castle Age
12:47 Double-Bit Axe
29:11 Scale Barding Armor
28:59 Fletching
29:49 Crossbowman
29:55 Light Cavalry
30:56 Bodkin Arrow
32:58 Scale Barding Armor
32:50 Horse Collar
38:57 Imperial Age
37:06 Wheelbarrow
36:20 Town Watch
40:30 Ballistics
40:16 Siege Engineers
41:12 Chemistry
40:47 Arbalester
40:51 Hussar
43:44 Hand Cart
43:34 Husbandry
43:46 Bloodlines
45:37 Double Crossbow
irajarek
11:07 Feudal Age
9:23 Loom
11:41 Double-Bit Axe
11:54 Horse Collar
14:07 Man-at-Arms
15:25 Arson
19:24 Gold Mining
19:59 Forging
25:26 Castle Age
26:40 Squires
30:46 Stone Mining
31:21 Bow Saw
35:18 Pikeman
39:02 Elite Skirmisher
Connection lost

Rejoining the realm…

Still unreachable

The connection could not be restored.

Session expired

The server has moved on; the page needs a fresh start.